cohdb
Replays
Latest Replays
All Replays
Popular Replays
Top Player Replays
Match Explorer
How It Works
Community
CoH3 Stats
Reddit
Sign in to upload your games and track your stats! →
Sign in with Steam
Match 43786409
Unlisted
Match 43786409
Overview
Messages
Build Orders
End
Engineer Squad
Selects Special Operations Battlegroup
Construct Barracks
Riflemen Squad
M1 Mortar Team
Selects M29 Weasel with M1 Pack Howitzer
Mortar Pit
M29 Weasel with M1 Pack Howitzer
Riflemen Squad
.30 cal Machine Gun
Mechanized Support Center
M1 Mortar Team
Grenade Package
M1918 Browning Automatic Rifles
MacReady
SUGAR50
paul915
GGGG8888
bluetooth
Mind
Larry
hogarthw
0
0
Comments
sign in to comment!
No comments posted yet!